 Dungeon Crawl Stone Soup version 0.28.0-1-gb440e238dd (webtiles) character file.

Game seed: 6238770494935336675

78 PieDemon the Shield-Bearer (level 4, 20/42 HPs)
             Began as a Deep Dwarf Fighter on Feb 20, 2022.
             Was an Initiate of Ru.
             Quit the game on level 3 of the Dungeon.
             The game lasted 00:03:04 (1113 turns).

PieDemon the Shield-Bearer (Deep Dwarf Fighter)     Turns: 1113, Time: 00:03:05

Health: 20/42      AC: 11    Str: 21    XL:     4   Next: 15%
Magic:  4/4        EV:  7    Int:  9    God:    Ru [......]
Gold:   91         SH:  5    Dex: 12    Spells: 3/3 levels left

rFire   . . .      SeeInvis .   a - +0 war axe
rCold   . . .      Faith    .   c - +0 buckler
rNeg    . . .      Spirit   .   o - +0 chain mail
rPois   .          Reflect  .   (no helmet)
rElec   .          Harm     .   p - +0 cloak
rCorr   .          Rampage  .   r - +0 pair of gloves
Will    .....                   (no boots)
Stlth   ..........              (no amulet)
HPRegen 0.00/turn               (no ring)
MPRegen 0.09/turn               (no ring)

@: no status effects
A: damage resistance, heal wounds, sense surroundings 1, no regeneration
a: Heal Wounds, Renounce Religion


You were on level 3 of the Dungeon.
You worshipped Ru.
Ru was noncommittal.
You visited 1 branch of the dungeon, and saw 3 of its levels.

You collected 91 gold pieces.

Inventory:

Hand Weapons
 a - a +0 war axe (weapon)
Missiles
 e - 26 sling bullets
 f - 4 poisoned darts
Armour
 b - a +0 scale mail
 c - a +0 buckler (worn)
 o - a +0 chain mail (worn)
 p - a +0 cloak (worn)
 r - a +0 pair of gloves (worn)
Jewellery
 h - a ring of fire
Scrolls
 i - a scroll of noise {unknown}
 j - a scroll of teleportation {unknown}
 k - a scroll of fear {unknown}
 l - a scroll of fog {unknown}
 n - 2 scrolls of identify {unknown}
 q - a scroll of magic mapping {unknown}
 s - a scroll of amnesia {unknown}
Potions
 d - 5 potions of might
 g - a potion of curing {unknown}
 m - a potion of attraction {unknown}


   Skills:
 + Level 3.1 Fighting
 * Level 3.5 Axes
 + Level 3.8 Armour
 + Level 3.9 Shields


You had 3 spell levels left.
You didn't know any spells.
Your spell library was empty.

Dungeon Overview and Level Annotations

Branches:
Dungeon (3/15)

Altars:
Ru


Innate Abilities, Weirdness & Mutations

You are resistant to damage.
You can heal yourself by infusing magical energy.
You passively map a small area around you.
You do not regenerate.


Message History

You see here a +0 pair of gloves.
r - a +0 pair of gloves You now have 91 gold pieces (gained 9).
You start putting on your armour.
You continue putting on your +0 pair of gloves. x4
You finish putting on your +0 pair of gloves.
Done exploring.
(D) Dungeon
Where to? (Enter - D:2, ? - help)
There is a stone staircase leading up here.
You climb upwards.
There is a stone staircase leading down here.
You see here a ball python skeleton.
As you open the door, it creaks loudly!
Done exploring.
(D) Dungeon
Where to? (Enter - D:1, ? - help)
You see here a +0 dagger.
You see here a ball python skeleton.
There is a stone staircase leading down here.
You climb downwards.
There is a stone staircase leading up here.
(D) Dungeon
Where to? (Enter - D:2, ? - help)
There is a stone staircase leading down here.
You climb downwards.
There is a stone staircase leading up here.
Search for what [? for help]? altar As you open the door, it creaks loudly!
Found a faded altar of an unknown god.
There is an open door here.
You enter the shallow water.
Moving in this stuff is going to be slow.
Found a scroll labelled SISO KUYBOXI.
There is a faded altar of an unknown god here.
You cannot tell which god this altar belongs to.
Convert to them anyway?
Ru accepts your prayer! Ru welcomes you!
s - a scroll labelled SISO KUYBOXI Are you sure you want to abandon this character and quit the game? (Confirm with "yes".)

, , * * * , , ,
,,, * ** * * ,,
, * , ** *.# > ,
.# ###########
*.# #..@......#
*.#
#....#....###.#
#.#..#..#.##..#
, #.#..#..#.#..#
, +≈≈≈≈_≈≈≈≈'..#
**,
#.#..#..#.##<# ,
,
,#.#..#..#.####*
* *#....#....# ,
#.........# *


There were no monsters in sight!

Vanquished Creatures
  2 adders (D:2)
  6 endoplasms
  3 giant cockroaches
  5 goblins
  5 hobgoblins
  7 jackals (D:1)
  2 quokkas
  9 ball pythons
  2 bats
  4 frilled lizards
  4 kobolds
  4 rats
53 creatures vanquished.

Notes
Turn   | Place    | Note
-------+----------+-------------------------------------------
     0 | D:1      | PieDemon the Deep Dwarf Fighter began the quest for the
                  | Orb.
     0 | D:1      | Reached XP level 1. HP: 20/20 MP: 1/1
    79 | D:1      | Reached XP level 2. HP: 22/27 MP: 2/2
   224 | D:1      | Reached XP level 3. HP: 26/33 MP: 3/3
   616 | D:2      | Found a sacrificial altar of Ru.
   764 | D:2      | Reached XP level 4. HP: 20/42 MP: 4/4
  1100 | D:3      | Found a faded altar of an unknown god.
  1107 | D:3      | Prayed at the altar of an unknown god.
  1107 | D:3      | Became a worshipper of Ru the Awakened
  1113 | D:3      | Quit the game

Illustrated notes

Levels and vault maps discovered:
D:1:      dpeg_arrival_court, layout_rooms
D:2:      layout_basic, basic_altar
D:3:      layout_basic, shapermc_ecumenical_altar_notcrosses

Skill      XL: |  1  2  3 |
---------------+----------+-----
Axes           | 3 |  3.5
Fighting       | 3 |  3.1
Armour         | |  3.8
Shields        | |  3.9

Action                   |  1- 3 |  4- 6 || total
-------------------------+-------+-------++-------
Melee: War axe           |   154 |     6 ||   160
Armor: Scale mail        |    44 |       ||    44
       Chain mail        |    25 |     3 ||    28
Dodge: Dodged            |    76 |     2 ||    78
Block: Buckler           |    42 |     1 ||    43
